 Dungeon Crawl Stone Soup version 0.26-a0-597-gb535b0901c (webtiles) character file.

Game seed: 6055310708291752171

81117 Alarkh the Black Belt (level 15, -10/120 HPs)
             Began as a Demonspawn Gladiator on Sept 10, 2020.
             Was an Elder of Uskayaw.
             Mangled by a hell knight
             ... wielding a +3 demon trident of draining
              (20 damage)
             ... on level 13 of the Dungeon.
             The game lasted 00:32:38 (22412 turns).

Alarkh the Black Belt (Demonspawn Gladiator)       Turns: 22412, Time: 00:32:39

Health: -10/120    AC: 13    Str: 15    XL:     15   Next: 25%
Magic:  22/22      EV: 13    Int: 15    God:    Uskayaw [****..]
Gold:   4120       SH:  0    Dex: 20    Spells: 14/14 levels left

rFire    + . .     SeeInvis +     - Unarmed
rCold    + + +     Faith    .   (no shield)
rNeg     . . .     Spirit   .   i - +4 skin of Zhor {Englaciate rC+++ SInv}
rPois    .         Reflect  .   e - +4 hat of Tiul {MR++ Dex+5}
rElec    .         Harm     .   S - scarf {shadows}
rCorr    .                      (no gloves)
MR       ++++.                  m - +1 pair of boots
Stlth    ++........             X - amulet of regeneration
HPRegen  0.70/turn              T - ring of protection from magic
MPRegen  0.18/turn              C - ring of protection from fire

@: drained
A: claws 2, spiny 3, sharp scales 1
a: Stomp, Line Pass, Renounce Religion


You were on level 13 of the Dungeon.
You worshipped Uskayaw.
Uskayaw was aware of your devotion.
You visited 4 branches of the dungeon, and saw 22 of its levels.
You also visited: Sewer, Gauntlet and Ice Cave.

You collected 4691 gold pieces.
You spent 571 gold pieces at shops.

Inventory:

Missiles
 c - 3 throwing nets (quivered)
Armour
 e - the +4 hat of Tiul (worn) {MR++ Dex+5}
   (You found it in a Gauntlet)

   It affects your dexterity (+5).
   It affects your resistance to hostile enchantments.
 i - the +4 skin of Zhor (worn) {Englaciate rC+++ SInv}
   (You found it on level 13 of the Dungeon)

   It renders you almost immune to cold.
   It lets you see invisible.
 m - a +1 pair of boots (worn)
 t - a +1 animal skin of cold resistance
 v - a +1 scale mail of poison resistance
 D - a +5 ring mail of poison resistance
 S - a scarf of shadows (worn)
Jewellery
 k - an uncursed ring of protection from cold
 p - an uncursed ring of ice
 C - a ring of protection from fire (right claw)
 N - an uncursed ring of see invisible
 P - an uncursed ring of resist corrosion
 T - a ring of protection from magic (left claw)
 X - an amulet of regeneration (around neck)
Wands
 h - a wand of iceblast (10)
 x - a wand of digging (15)
 G - a wand of paralysis (43)
 I - a wand of disintegration (28)
 K - a wand of acid (7)
Scrolls
 a - a scroll of enchant weapon
 b - a scroll of enchant armour
 f - 12 scrolls of teleportation
 g - a scroll of silence
 r - 2 scrolls of identify
 s - 2 scrolls of magic mapping
 u - 5 scrolls of fear
 y - 9 scrolls of remove curse
 B - a scroll of amnesia
 E - a scroll of fog
 W - 2 scrolls of blinking
Potions
 d - a potion of berserk rage
 j - 4 potions of haste
 l - 3 potions of resistance
 o - a potion of lignification
 q - 6 potions of brilliance
 w - 3 potions of stabbing
 z - 5 potions of flight
 A - 3 potions of heal wounds
 F - 5 potions of mutation
 M - 5 potions of curing
 Y - a potion of might
 Z - a potion of ambrosia
Miscellaneous
 n - a phantom mirror
 Q - a phial of floods


   Skills:
 + Level 12.0(11.0) Fighting
 - Level 1.7(1.0) Throwing
 + Level 1.5(0.7) Armour
 + Level 3.2(2.4) Dodging
 * Level 20.0(18.8) Unarmed Combat
 + Level 9.7(8.8) Invocations


You had 14 spell levels left.
You didn't know any spells.
Your spell library contained the following spells:

 Spells                   Type           Power        Failure   Level
 Animate Skeleton         Necr           #.....       26%         1
 Apportation              Tloc           #.....       26%         1
 Corona                   Hex            #......      26%         1
 Sting                    Tmut/Pois      #...         26%         1
 Summon Small Mammal      Summ           #...         26%         1
 Poisonous Vapours        Pois/Air       #.....       38%         2
 Gell's Gravitas          Tloc           #.........   63%         3
 Ignite Poison            Fire/Tmut/Pois #.......     63%         3
 Mephitic Cloud           Conj/Pois/Air  #.......     63%         3
 Portal Projectile        Hex/Tloc       #.....       63%         3
 Ice Form                 Ice/Tmut       #.......     95%         4
 Leda's Liquefaction      Hex/Erth       #.........   95%         4
 Olgreb's Toxic Radiance  Pois           #.......     95%         4
 Bolt of Magma            Conj/Fire/Erth #.........   100%        5
 Metabolic Englaciation   Hex/Ice        #.........   100%        5
 Dispersal                Tloc           #.........   100%        6
 Freezing Cloud           Conj/Ice/Air   #.........   100%        6
 Iron Shot                Conj/Erth      #.........   100%        6
 Ozocubu's Refrigeration  Ice            #.........   100%        6
 Simulacrum               Ice/Necr       #.........   100%        6
 Statue Form              Tmut/Erth      #........    100%        6
 Disjunction              Tloc           #.........   100%        8
 Shatter                  Erth           #.........   100%        9


Dungeon Overview and Level Annotations

Branches:
Dungeon (13/15)            Temple (1/1) D:5            Lair (6/6) D:9
  Swamp (0/4) Lair:3        Snake (0/4) Lair:4        Slime (0/5) Lair:6
    Orc (2/2) D:9             Elf (0/3) Orc:2         Sewer (visited)
  IceCv (visited)         Gauntlet (visited)
 Vaults: D:13-14

Altars:
Ashenzari
Cheibriados
Dithmenos
Elyvilon
Fedhas
Gozag
Hepliaklqana
Kikubaaqudgha
Makhleb
Nemelex Xobeh
Okawaru
Qazlal
Ru
Sif Muna
Trog
Uskayaw
Vehumet
Wu Jian
Xom
Yredelemnul
Zin
The Shining One

Shops:
D:5 [   Orc:1 ?   Orc:2 *[:(?

Portals:
Trove: D:12 (give 5 scrolls of fear)

Annotations:
D:13 1 runed translucent door


Innate Abilities, Weirdness & Mutations

You have very sharp fingernails.
You are completely covered in sharp spines.
You are partially covered in razor-sharp scales. (AC +1, Slay +1)


Message History

You eviscerate the yak!!!
You kill the yak!
A wizard comes into view. It is wielding a +0 long sword.
Uskayaw will force your foes to share their pain.
Uskayaw links your audience in an emotional bond!
The hell knight is no longer paralysed. x2; The hell knight closely misses you.
The hell knight hits you with a +1 broad axe of flaming!!
The hell knight burns you.
An orc knight comes into view. It is wielding a +0 long sword.
Items here: ! ) ? [ †.
You are too injured to fight recklessly!
You are too injured to fight recklessly!
You are too injured to fight recklessly!
Unknown command.
The hell knight hits you from afar with a +3 demon trident of draining!!
* * * LOW HITPOINT WARNING * * *
You feel drained.
* * * LOW HITPOINT WARNING * * *
The hell knight hits you from afar with a +3 demon trident of draining!!
You die...

.#######......#...##..
#...........##..
##..#.#.#......#.
#.$##.....#.#....
##.)###......#...#
####...# ....#....(.
#..$..## .....##.##
#.##.## ..# #... #
#@### .# ###. #p†.# ##
.....p....... #
o........#... #
...?p........
###....>...#. #
#..#.....# #
##...##....


You could see 2 hell knights and a wizard (pain bonded).

Vanquished Creatures
  Kirke (Lair:5)
  An orc warlord (Orc:2)
  A frost giant (IceCv)
  A stone giant (Orc:2)
  Azrael (Orc:2)
  A minotaur (Gauntlet)
  A dire elephant (Lair:6)
  Snorg (D:13)
  A great orb of eyes (Gauntlet)
  4 hydras
  Erica (D:13)
  2 two-headed ogres
  A catoblepas (Lair:5)
  4 orc high priests (Orc:2)
  5 death yaks
  Urug (Lair:4)
  An unseen horror (D:13)
  2 lindwurms (Lair:6)
  6 orc knights
  A deep elf archer (D:12)
  A necromancer (Gauntlet)
  3 cyclopes
  2 ugly things (Gauntlet)
  5 orc sorcerers
  A manticore (D:13)
  An ice statue (IceCv)
  11 elephants
  Maurice (D:11)
  5 black mambas
  An eye of devastation (Gauntlet)
  14 cane toads
  2 gargoyles
  A kobold demonologist (D:13)
  10 komodo dragons
  8 rime drakes
  6 trolls
  16 polar bears (IceCv)
  18 blink frogs
  9 hippogriffs
  7 dream sheep
  A wraith (D:12)
  5 wyverns
  4 basilisks
  29 yaks
  A golden eye (Gauntlet)
  A steam dragon (Lair:3)
  3 vampire mosquitoes (D:12)
  4 hogs (Lair:5)
  4 wargs
  3 nagas (Lair:4)
  11 water moccasins
  5 hell hounds (Orc:2)
  A floating eye (Gauntlet)
  12 porcupines
  6 sky beasts
  2 ice beasts
  34 orc warriors
  2 eyes of draining
  2 phantoms
  A black bear (D:7)
  A necrophage (D:10)
  12 ogres
  19 wolves
  5 centaurs
  14 crocodiles
  7 big kobolds
  A wyvern zombie (D:9)
  13 bullfrogs
  A water moccasin zombie (D:9)
  3 scorpions
  9 killer bees
  6 wights (D:12)
  An electric eel (Lair:1)
  2 lava snakes (D:8)
  4 centaur zombies
  2 quasits
  3 bullfrog zombies
  8 hounds
  10 jellies
  2 gnoll shamans
  22 orc priests
  29 orc wizards
  A bullfrog skeleton (D:7)
  3 centaur skeletons
  9 iguanas
  16 worker ants
  A hound zombie (D:5)
  A worker ant zombie (D:10)
  16 adders
  6 gnolls
  A howler monkey skeleton (D:7)
  3 white imps
  4 ufetubi
  7 oozes
  3 worms
  4 dart slugs
  94 orcs
  4 ball pythons
  3 bats
  8 giant cockroaches
  7 goblins
  10 hobgoblins
  8 jackals
  25 kobolds
  6 quokkas
  5 frilled lizards
  A jackal skeleton (D:6)
  3 leopard gecko skeletons
  2 quokka skeletons (D:4)
  11 rats
726 creatures vanquished.

Vanquished Creatures (others)
  An orc wizard (Orc:2)
  A gnoll (Orc:2)
  2 orcs (Orc:1)
  33 fungi
  25 plants
62 creatures vanquished.

Grand Total: 788 creatures vanquished

Notes
Turn   | Place    | Note
-------+----------+-------------------------------------------
     0 | D:1      | Alarkh the Demonspawn Gladiator began the quest for the
                  | Orb.
     0 | D:1      | Reached XP level 1. HP: 16/16 MP: 1/1
    58 | D:1      | Reached skill level 3 in Unarmed Combat
   445 | D:1      | Gained mutation: You have sharp fingernails. [demonic
                  | ancestry]
   445 | D:1      | Reached XP level 2. HP: 20/22 MP: 2/2
   662 | D:1      | Reached XP level 3. HP: 26/27 MP: 3/3
  1022 | D:2      | Reached skill level 4 in Unarmed Combat
  1213 | D:2      | Reached XP level 4. HP: 24/33 MP: 4/4
  2159 | D:3      | Found a glowing drain.
  2184 | Sewer    | Entered a sewer
  2254 | Sewer    | Reached skill level 5 in Unarmed Combat
  2322 | Sewer    | Noticed a big kobold
  2322 | Sewer    | Noticed a big kobold
  2334 | Sewer    | Killed a big kobold
  2334 | Sewer    | Gained mutation: You have very sharp fingernails. [demonic
                  | ancestry]
  2334 | Sewer    | Reached XP level 5. HP: 35/38 MP: 3/5
  2362 | Sewer    | Reached skill level 6 in Unarmed Combat
  2454 | Sewer    | Reached XP level 6. HP: 40/44 MP: 4/6
  2712 | D:4      | Reached skill level 7 in Unarmed Combat
  2771 | D:4      | Found a bloodstained altar of Trog.
  2843 | D:4      | Gained mutation: You are partially covered in sharp spines.
                  | [demonic ancestry]
  2843 | D:4      | Reached XP level 7. HP: 33/50 MP: 4/7
  3134 | D:4      | Reached skill level 8 in Unarmed Combat
  3285 | D:5      | Entered Level 5 of the Dungeon
  3345 | D:5      | Found an iron altar of Okawaru.
  3355 | D:5      | Found a bloodstained altar of Trog.
  3374 | D:5      | Found a staircase to the Ecumenical Temple.
  3421 | Temple   | Entered the Ecumenical Temple
  3791 | D:5      | Found Tuwk's Armour Boutique.
  3798 | D:5      | Bought a +2 ring mail of poison resistance for 216 gold
                  | pieces
  4274 | D:6      | Reached skill level 9 in Unarmed Combat
  4274 | D:6      | Gained mutation: You are mostly covered in sharp spines.
                  | [demonic ancestry]
  4274 | D:6      | Reached XP level 8. HP: 50/56 MP: 8/8
  4296 | D:6      | Found a stormy altar of Qazlal.
  4711 | D:6      | Reached skill level 10 in Unarmed Combat
  5319 | D:7      | Found a basalt altar of Yredelemnul.
  5401 | D:7      | Found a radiant altar of Vehumet.
  5402 | D:7      | Found an ancient bone altar of Kikubaaqudgha.
  5402 | D:7      | Found an ornate altar of the Wu Jian Council.
  5404 | D:7      | Found a shimmering altar of Xom.
  5406 | D:7      | Found a snail-covered altar of Cheibriados.
  5452 | D:7      | Reached skill level 11 in Unarmed Combat
  5452 | D:7      | Gained mutation: You are partially covered in razor-sharp
                  | scales. (AC +1, Slay +1) [demonic ancestry]
  5452 | D:7      | Reached XP level 9. HP: 36/61 MP: 6/9
  6237 | D:8      | Reached skill level 12 in Unarmed Combat
  6584 | D:9      | Found a staircase to the Lair.
  7492 | D:9      | Found a staircase to the Orcish Mines.
  7570 | D:9      | Got a faintly glowing helmet
  7581 | D:9      | Identified the +0 helmet of the Five Xeniums {rC+ Str+2
                  | Int+2} (You found it on level 9 of the Dungeon)
  7682 | D:9      | Reached skill level 13 in Unarmed Combat
  7763 | D:9      | Reached XP level 10. HP: 67/67 MP: 10/10
  8017 | D:9      | Noticed a two-headed ogre
  8029 | D:9      | Killed a two-headed ogre
  8277 | D:10     | Entered Level 10 of the Dungeon
  8386 | D:10     | Reached skill level 14 in Unarmed Combat
  8401 | D:10     | Noticed a two-headed ogre
  8410 | D:10     | Killed a two-headed ogre
  9461 | D:2      | Found a shimmering blue altar of Sif Muna.
  9461 | D:2      | Found a sacrificial altar of Ru.
  9461 | D:2      | Found a hide-covered altar of Uskayaw.
  9461 | D:2      | Found a shadowy altar of Dithmenos.
  9464 | D:2      | Found a glowing silver altar of Zin.
  9475 | D:2      | Became a worshipper of Uskayaw the Reveler
  9836 | D:11     | Noticed a gargoyle
  9839 | D:11     | Reached * piety under Uskayaw
  9841 | D:11     | Killed a gargoyle
  9841 | D:11     | Reached ** piety under Uskayaw
  9844 | D:11     | Reached *** piety under Uskayaw
  9846 | D:11     | Reached **** piety under Uskayaw
  9853 | D:11     | Reached ***** piety under Uskayaw
  9994 | D:11     | Reached skill level 15 in Unarmed Combat
  9998 | D:11     | Gained mutation: You are completely covered in sharp
                  | spines. [demonic ancestry]
  9998 | D:11     | Reached XP level 11. HP: 53/72 MP: 9/11
 10228 | D:11     | Noticed Maurice
 10240 | D:11     | Killed Maurice
 10754 | D:12     | Found a portal to a secret trove of treasure.
 10916 | D:12     | Noticed a deep elf archer
 10932 | D:12     | Killed a deep elf archer
 11589 | Lair:1   | Entered Level 1 of the Lair of Beasts
 11738 | Lair:1   | Reached skill level 5 in Fighting
 12584 | Lair:2   | Reached skill level 16 in Unarmed Combat
 12590 | Lair:2   | Noticed a six-headed hydra
 12597 | Lair:2   | Killed a six-headed hydra
 12930 | Lair:2   | Reached XP level 12. HP: 84/88 MP: 12/12
 13646 | Lair:3   | Found a staircase to the Swamp.
 13992 | Lair:3   | You fall into a shaft and drop 1 floor!
 14262 | Lair:3   | You fall into a shaft and drop 3 floors!
 14262 | Lair:6   | Entered Level 6 of the Lair of Beasts
 14272 | Lair:5   | Identified a scroll of acquirement
 14273 | Lair:5   | Acquired 1900 gold pieces
 14311 | Lair:5   | Reached skill level 17 in Unarmed Combat
 14500 | Lair:5   | Noticed a seven-headed hydra
 14505 | Lair:5   | Killed a seven-headed hydra
 14529 | Lair:5   | Noticed Kirke
 14539 | Lair:5   | Killed Kirke
 14572 | Lair:5   | Noticed a six-headed hydra
 14578 | Lair:5   | Killed a six-headed hydra
 14591 | Lair:5   | Noticed a catoblepas
 14640 | Lair:5   | Found a gate leading to a gauntlet.
 14670 | Gauntlet | Entered a Gauntlet
 14670 | Gauntlet | Found a transporter.
 14677 | Gauntlet | Found a transporter.
 14690 | Gauntlet | Found a transporter.
 14712 | Gauntlet | Found a transporter.
 14723 | Gauntlet | Noticed a great orb of eyes
 14725 | Gauntlet | Found a transporter.
 14739 | Gauntlet | Found a transporter.
 14739 | Gauntlet | Noticed a ghost crab
 14749 | Gauntlet | Found a transporter.
 14753 | Gauntlet | Noticed a hell beast
 14765 | Gauntlet | Found a transporter.
 14785 | Gauntlet | Found a transporter.
 14797 | Gauntlet | Found a transporter.
 14813 | Gauntlet | Found a transporter.
 14828 | Gauntlet | Found a transporter.
 14934 | Gauntlet | Found a transporter.
 14937 | Gauntlet | Paralysed by a floating eye for 4 turns
 14972 | Gauntlet | Found a transporter.
 15038 | Gauntlet | Killed a great orb of eyes
 15038 | Gauntlet | Reached XP level 13. HP: 53/99 MP: 13/13
 15091 | Gauntlet | Got a heavily runed hat
 15112 | Gauntlet | Identified the +4 hat of Tiul {MR++ Dex+5} (You found it in
                  | a Gauntlet)
 15116 | Gauntlet | Noticed a minotaur
 15128 | Gauntlet | Killed a minotaur
 15303 | Lair:4   | Reached skill level 18 in Unarmed Combat
 15306 | Lair:4   | Reached ****** piety under Uskayaw
 15418 | Lair:4   | Found a staircase to the Snake Pit.
 15586 | Lair:4   | Noticed Urug
 15601 | Lair:4   | Killed Urug
 16043 | Lair:4   | Reached skill level 1 in Invocations
 16746 | Lair:5   | Reached skill level 10 in Fighting
 17172 | Lair:6   | Found a staircase to the Slime Pits.
 17613 | Lair:6   | Reached skill level 5 in Invocations
 17627 | Lair:6   | Reached XP level 14. HP: 78/111 MP: 17/17
 17823 | Lair:6   | Reached skill level 19 in Unarmed Combat
 18439 | Orc:1    | Entered Level 1 of the Orcish Mines
 18890 | Orc:1    | Found Xahothurit's Magic Scroll Shop.
 18947 | Orc:2    | Entered Level 2 of the Orcish Mines
 19009 | Orc:2    | Found Lecegug's Magic Scroll Shoppe.
 19054 | Orc:2    | Noticed a stone giant
 19066 | Orc:2    | Killed a stone giant
 19199 | Orc:2    | Found a staircase to the Elven Halls.
 19200 | Orc:2    | Noticed Azrael
 19209 | Orc:2    | Killed Azrael
 20057 | Orc:2    | Noticed an orc warlord
 20086 | Orc:2    | Killed an orc warlord
 20670 | Orc:2    | Found Doemnan's General Store.
 20671 | Orc:2    | Found Komothri's Antique Armour Shop.
 20671 | Orc:2    | Found Iprune Tisa's Antique Weapon Boutique.
 20671 | Orc:2    | Found Jilahaptoy's Book Shop.
 20690 | Orc:2    | Bought a potion of heal wounds for 80 gold pieces
 20856 | Orc:2    | Bought a warped chain mail for 275 gold pieces
 21141 | Lair:4   | Got a smouldering ring mail
 21152 | Lair:4   | Identified the cursed +0 ring mail of the Turtledove {Harm
                  | rPois rC- MR+} (You found it on level 4 of the Lair of
                  | Beasts)
 21163 | Lair:4   | Identified the +3 chain mail of Unambiguity {Dex+5} (You
                  | bought it in a shop on level 2 of the Orcish Mines)
 21445 | D:13     | Found a runed translucent door.
 21445 | D:13     | Found the +4 skin of Zhor {Englaciate rC+++ SInv}
 21446 | D:13     | Noticed Snorg
 21455 | D:13     | Killed Snorg
 21525 | D:13     | Identified the +9 spear "Agher" {venom, rC++ MR+ Stlth-}
 21568 | D:13     | Found a frozen archway.
 21581 | IceCv    | Entered an ice cave
 21699 | IceCv    | Reached XP level 15. HP: 61/120 MP: 21/21
 21973 | IceCv    | Noticed a frost giant
 21983 | IceCv    | Killed a frost giant
 21983 | IceCv    | Reached skill level 1 in Armour
 22327 | D:13     | Reached skill level 20 in Unarmed Combat
 22400 | D:13     | Noticed Erica
 22409 | D:13     | Killed Erica
 22412 | D:13     | Mangled by a hell knight

Illustrated notes

Levels and vault maps discovered:
D:1:      dpeg_arrival_round_a, layout_basic
D:2:      layout_basic, nicolae_overflow_hidden_temple
D:3:      layout_rooms, portal_sewer_entry_b, minmay_misc_feat_diagonals
D:4:      layout_rooms, grunt_ministairs_14, trog_three_pillars_becter
D:5:      layout_cave_pods, bloody_trog, minmay_temple_entry_purple_smoke,
          serial_shops, nicolae_shop_trees, okawaru_ov_weapons_minmay
D:6:      minmay_skewed_foursquare, layout_loops_ring, grunt_qazlal_sundering
D:7:      layout_rooms, yredelemnul_altar_generic, minitemple,
          grunt_ministairs_3, minmay_misc_feat_iff, kennysheep_generic_room_11
D:8:      layout_cave_pools, kennysheep_generic_room_6
D:9:      layout_basic, lair_entry_dummy, david_orc_4, st_stairs_9
D:10:     layout_loops_cross
D:11:     layout_rooms, uniq_maurice
D:12:     layout_basic, enter_trove_0, dk_vineyard_2
D:13:     layout_rooms, david_vaults_5, portal_ice_cave_entry_pillars_1,
          ebering_ghost_funeral_grove, sword_in_stone, uniq_snorg
Temple:   dpeg_three_leaves_temple
Lair:1:   layout_gridlike, lemuel_fruit_fields, infiniplex_staircase_pool,
          grunt_megastairs_2
Lair:2:   layout_hall_layers
Lair:3:   layout_regular_city, minmay_swamp_entry_reptiles, serial_rivers,
          chequers_serial_rivers_micro_b, chequers_serial_rivers_micro_c,
          chequers_serial_rivers_room_b, chequers_serial_rivers_micro_b,
          st_stairs_12, infiniplex_staircase_pool_2, lemuel_fruit_fields,
          grunt_megastairs_1
Lair:4:   layout_cave_pods, guppyfry_snake_entry_island, uniq_urug
Lair:5:   layout_roguey, gauntlet_entry_generic, zaba_anthole,
          grunt_megastairs_4, lemuel_fruit_tree, lemuel_fruit_fields, uniq_kirke
Lair:6:   hangedman_lair_in_review, layout_cave_pods,
          nicolae_slime_entry_slimehenge
Orc:1:    layout_caves, serial_shops, shop
Orc:2:    st_orc_congregation, layout_diamond_mine, serial_shops, shop,
          uniq_azrael

Skill      XL: |  1  2  3  4  5  6  7  8  9 10 11 12 13 14 15 |
---------------+----------------------------------------------+-----
Unarmed Combat | 3 4 5 6 7 9 11 13 15 16 17 18 19 20 | 20.0
Fighting       | 6 8 10 11 12 | 12.0
Invocations    | 5 9 |  9.7
Armour         | 1 |  1.5
Dodging        | 3 |  3.2
Throwing       | |  1.7

Action                   |  1- 3 |  4- 6 |  7- 9 | 10-12 | 13-15 || total
-------------------------+-------+-------+-------+-------+-------++-------
Melee: Unarmed           |   156 |   190 |   324 |   454 |   694 ||  1818
       Punch             |       |     3 |    10 |    34 |    85 ||   132
Evoke: Wand              |       |       |       |     5 |       ||     5
       Phial of floods   |       |       |       |     1 |       ||     1
  Use: Scroll            |       |     2 |    13 |    16 |     7 ||    38
       Potion            |       |       |     3 |     3 |     6 ||    12
 Stab: Paralysed         |       |       |       |    22 |    72 ||    94
       Invisible         |       |       |       |     1 |       ||     1
       Distracted        |       |       |       |       |     1 ||     1
Armor: Chain mail        |    81 |   114 |    30 |       |       ||   225
       Leather armour    |     3 |       |       |       |       ||     3
       Ring mail         |       |       |    84 |   128 |   151 ||   363
       Animal skin       |       |       |       |       |    42 ||    42
Dodge: Dodged            |    66 |    83 |   129 |   171 |   236 ||   685

Table legend: (Time is in decaauts)
 A = Elapsed time spent in this place.
 B = Non-inter-level travel time spent in this place.
 C = Inter-level travel time spent in this place.
 D = Time resting spent in this place.
 E = Time spent auto-exploring this place.
 F = Levels seen in this place.
 G = Mean time per level.
                   A        B        C        D        E       F      G
               +--------+--------+--------+--------+--------+-----+--------+
         Total |  21995 |  19608 |   2387 |   1586 |  14561 |  25 |  879.8 |
       Dungeon |  11831 |  10369 |   1462 |   1161 |   7544 |  13 |  910.1 |
        Temple |     83 |     67 |     16 |      0 |     67 |   1 |   83.0 |
          Lair |   6293 |   5678 |    615 |    204 |   4624 |   6 | 1048.8 |
  Orcish Mines |   2263 |   1971 |    292 |    138 |   1427 |   2 | 1131.5 |
         Sewer |    331 |    331 |      0 |      0 |    179 |   1 |  331.0 |
      Ice Cave |    660 |    660 |      0 |      0 |    502 |   1 |  660.0 |
      Gauntlet |    531 |    531 |      0 |     82 |    218 |   1 |  531.0 |
               +--------+--------+--------+--------+--------+-----+--------+

Top non-repeatable levels by time:
     D:9: 1817 daAuts
   Orc:2: 1743 daAuts
  Lair:3: 1274 daAuts
     D:8: 1215 daAuts
     D:6: 1204 daAuts
  Lair:6: 1145 daAuts
  Lair:4: 1121 daAuts
  Lair:1: 1095 daAuts
     D:2: 1036 daAuts
     D:1: 992 daAuts
    D:12: 946 daAuts
    D:10: 895 daAuts
     D:5: 862 daAuts
  Lair:5: 845 daAuts
  Lair:2: 810 daAuts
